 Dungeon Crawl Stone Soup version 0.30-a0-263-ge22c4ad894 (webtiles) character file.

Game seed: 922794902793638554

68296 wellesgreysong the Jinx (level 14, -14/68 HPs)
             Began as a Deep Elf Conjurer on Oct 13, 2022.
             Was a High Priest of Dithmenos.
             Killed by the raging water
             ... invoked by a water nymph
              (34 damage)
             ... on level 2 of the Shoals on Oct 14, 2022.
             The game lasted 01:40:18 (21484 turns).

wellesgreysong the Jinx (Deep Elf Conjurer)        Turns: 21484, Time: 01:40:19

Health: -14/68     AC: 11    Str:  4    XL:     14   Next: 86%
Magic:  27/29      EV: 13    Int: 38    God:    Dithmenos [*****.]
Gold:   1201       SH:  0    Dex: 19    Spells: 1/32 levels left

rFire   + . .      SeeInvis .    a - +1 dagger (elec)
rCold   . . .      Faith    .    (no shield)
rNeg    + . .      Spirit   .    R - +2 robe {Will+}
rPois   .          Reflect  .    (no helmet)
rElec   .          Harm     .    L - +4 cloak "Boss" {rF+ rN+ Will+ Int+3}
rCorr   .          Rampage  .    Y - +0 pair of gloves
Will    +++..                    X - +0 pair of boots
Stlth   ++++......               y - amulet of magic regeneration
HPRegen 0.31/turn                x - +6 ring of dexterity
MPRegen 0.61/turn                E - +6 ring of intelligence

@: wreathed by umbra, very slow
A: no striking features
a: Renounce Religion, Shadow Step, Shadow Form


You were on level 2 of the Shoals.
You worshipped Dithmenos.
Dithmenos was extremely pleased with you.
You visited 4 branches of the dungeon, and saw 21 of its levels.
You also visited: Ossuary and Volcano.

You collected 1856 gold pieces.
You spent 655 gold pieces at shops.

Inventory:

Hand Weapons
 a - a +1 dagger of electrocution (weapon)
 z - the +5 great sword "Murmur" {freeze, Drain Str+2 Int+6}
   (You found it on level 1 of the Shoals)

   It freezes those it strikes, dealing additional cold damage.
   It can also slow down cold-blooded creatures.
   Str:       It affects your strength (+2).
   Int:       It affects your intelligence (+6).
   Drain:     It drains your maximum health when unequipped.
Missiles
 C - a curare-tipped dart
 D - a throwing net
 M - 5 atropa-tipped darts
Armour
 L - the +4 cloak "Boss" (worn) {rF+ rN+ Will+ Int+3}
   (You bought it in a shop on level 6 of the Dungeon)

   Int:       It affects your intelligence (+3).
   rF:        It protects you from fire.
   rN:        It protects you from negative energy.
   Will:      It increases your willpower.
 R - a +2 robe of willpower (worn)
 V - a scarf of shadows
 X - a +0 pair of boots (worn)
 Y - a +0 pair of gloves (worn)
Magical Staves
 b - a staff of poison
Jewellery
 h - a ring of ice
 x - a +6 ring of dexterity (left hand)
 y - an amulet of magic regeneration (around neck)
 E - a +6 ring of intelligence (right hand)
 F - a ring of protection from cold
 I - a +6 ring of strength
 Q - a ring of protection from cold
 T - a +6 ring of intelligence
Wands
 p - a wand of polymorph (23)
 u - a wand of flame (17)
 G - a wand of roots (17)
 J - a wand of paralysis (22)
 N - a wand of digging (15)
 Z - a wand of light (17)
Scrolls
 i - 4 scrolls of enchant armour
 k - 4 scrolls of blinking
 m - 3 scrolls of noise
 o - 7 scrolls of teleportation
 t - 6 scrolls of fear
 w - a scroll of brand weapon {unknown}
 B - 3 scrolls of butterflies
 H - a scroll of identify
 K - 7 scrolls of vulnerability
 P - a scroll of amnesia {unknown}
 U - a scroll of summoning
 W - 4 scrolls of magic mapping
Potions
 c - a potion of magic
 d - 3 potions of resistance
 e - 2 potions of attraction
 f - 3 potions of mutation
 g - 3 potions of heal wounds
 j - 3 potions of cancellation
 l - 7 potions of flight
 n - a potion of experience {unknown}
 q - 2 potions of invisibility {unknown}
 r - 12 potions of curing
 s - 5 potions of might
 v - 3 potions of ambrosia {unknown}
 A - a potion of lignification {unknown}
 O - 4 potions of haste
 S - 2 potions of berserk rage {unknown}


   Skills:
 + Level 9.0 Short Blades
 - Level 3.0 Dodging
 + Level 11.2 Stealth
 + Level 9.8 Spellcasting
 + Level 13.1 Conjurations
 + Level 13.1 Hexes
 - Level 8.0 Translocations
 + Level 8.2 Transmutations
 - Level 5.0 Fire Magic
 - Level 5.0 Ice Magic
 - Level 5.0 Air Magic
 + Level 7.7 Poison Magic
 + Level 9.1 Invocations


You had one spell level left.
You knew the following spells:

 Your Spells              Type           Power      Damage    Failure   Level
a - Magic Dart            Conj           100%       1d8       0%          1
b - Blink                 Tloc           100%       N/A       1%          2
c - Slow                  Hex            100%       N/A       0%          1
d - Iskenderun's Mystic   Conj/Tloc      78%        2d16      1%          4
e - Fulminant Prism       Conj/Hex       43%        3d20      1%          4
f - Searing Ray           Conj           100%       2d8       0%          2
g - Ensorcelled Hibernat  Hex/Ice        100%       N/A       1%          2
h - Kindle Blastsparks    Fire/Tloc/Air  100%       2d18      1%          3
i - Inner Flame           Hex/Fire       73%        N/A       1%          3
j - Alistair's Intoxicat  Tmut/Pois      45%        N/A       2%          5
k - Sticky Flame          Conj/Fire      72%        2d9       1%          4

Your spell library contained the following spells:

 Spells                   Type           Power      Damage    Failure   Level
 Apportation              Tloc           100%       N/A       1%          1
 Freeze                   Ice            100%       1d10      1%          1
 Kiss of Death            Conj/Necr      100%       2d13      1%          1
 Necrotise                Necr           72%        1d7       1%          1
 Sting                    Tmut/Pois      100%       1d8       1%          1
 Cigotuvi's Dreadful Rot  Necr/Pois/Air  100%       N/A       1%          2
 Momentum Strike          Conj/Tloc      100%       3d10      1%          2
 Passwall                 Tmut/Erth      40%        N/A       1%          2
 Poisonous Vapours        Pois/Air       100%       N/A       1%          2
 Wereblood                Tmut           69%        N/A       1%          2
 Confusing Touch          Hex            87%        N/A       1%          3
 Dazzling Flash           Conj/Hex       100%       N/A       1%          3
 Frozen Ramparts          Ice            100%       1d16      1%          3
 Gell's Gravitas          Tloc           68%        N/A       1%          3
 Hailstorm                Conj/Ice       72%        3d15      1%          3
 Lesser Beckoning         Tloc           100%       N/A       1%          3
 Mephitic Cloud           Conj/Pois/Air  71%        N/A       1%          3
 Portal Projectile        Hex/Tloc       100%       N/A       1%          3
 Spider Form              Tmut/Pois      68%        N/A       1%          3
 Swiftness                Air            54%        N/A       1%          3
 Teleport Other           Tloc           68%        N/A       1%          3
 Tukima's Dance           Hex            87%        N/A       1%          3
 Anguish                  Hex/Necr       31%        N/A       1%          4
 Cause Fear               Hex            43%        N/A       1%          4
 Flame Wave               Conj/Fire      72%        2d16      1%          4
 Manifold Assault         Tloc           68%        N/A       1%          4
 Olgreb's Toxic Radiance  Pois           67%        N/A       1%          4
 Blade Hands              Tmut           34%        N/A       1%          5
 Yara's Violent Unravell  Hex/Tmut       39%        3d16      1%          5
 Sublimation of Blood     Necr           18%        N/A       3%          2
 Summon Mana Viper        Hex/Summ       62%        N/A       3%          5
 Vampiric Draining        Necr           18%        2d7       6%          3
 Summon Ice Beast         Ice/Summ       37%        N/A       8%          4
 Enfeeble                 Hex            43%        N/A       8%          7
 Dispel Undead            Necr           18%        3d11      21%         4
 Agony                    Necr           18%        N/A       50%         5
 Lee's Rapid Deconstruct  Erth           9%         3d8*      50%         5
 Discord                  Hex            43%        N/A       52%         8
 Storm Form               Tmut/Air       31%        N/A       75%         7
 Monstrous Menagerie      Summ           9%         N/A       100%        7
 Summon Hydra             Summ           9%         N/A       100%        7


Dungeon Overview and Level Annotations

Branches:
Dungeon (13/15)            Temple (1/1) D:7            Lair (5/5) D:8
 Shoals (2/4) Lair:3       Spider (0/4) Lair:3        Slime (0/5) Lair:5
    Orc (0/2) D:9         Ossuary (visited)         Volcano (visited)
 Vaults: D:13-14

Altars:
Ashenzari
Cheibriados
Dithmenos
Elyvilon
Fedhas
Gozag
Hepliaklqana
Kikubaaqudgha
Makhleb
Nemelex Xobeh
Okawaru
Qazlal
Ru
Sif Muna
Trog
Uskayaw
Vehumet
Wu Jian
Xom
Yredelemnul
Zin
The Shining One
Jiyva

Shops:
D:6 [   D:10 (

Annotations:
D:6 1 runed translucent door, sirJeffrey23's ghost, novice HOFi


Message History

You fall into the shallow water.
Moving in this stuff is going to be slow.
The water nymph touches you. The water nymph drowns you!
Casting: Ensorcelled Hibernation (safe; 1% risk of failure)
Confirm with . or Enter, or press ? or * to list all spells.
Aiming: Ensorcelled Hibernation (safe; 1% risk of failure)
Press: ? - help, Shift-Dir - straight line, f - water nymph
Aim: a water nymph (umbra, chance to affect: 10%)
Okay, then.
Casting: Ensorcelled Hibernation (safe; 1% risk of failure)
Confirm with . or Enter, or press ? or * to list all spells.
Aiming: Searing Ray (safe; 0% risk of failure)
Press: ? - help, Shift-Dir - straight line, f - water nymph
Aim: a water nymph (umbra, 76% to hit)
The searing ray hits the water nymph!
The water nymph is moderately wounded. (Press . to maintain the ray.)
Your shadow mimicks your spell!
The shadow bolt hits the water nymph!
The water nymph points at you and mumbles some strange words.
The water swirls and strikes you!!
The searing ray hits the water nymph.
The water nymph is severely wounded.
The water nymph casts a spell at you. The water swirls and strikes you!
* * * LOW HITPOINT WARNING * * *
Unknown command.
The searing ray hits the water nymph!
The water nymph is almost dead.
The water nymph misses you.
You feel much better.
The water nymph gestures at you while chanting.
The water swirls and strikes you!!
* * * LOW HITPOINT WARNING * * *
You emit a cloud of dark smoke.
Your unstable footing causes you to fumble your attack.
The water nymph gestures at you while chanting.
The water swirls and strikes you!!
Ouch! That really hurt!
You die...

≈≈≈≈~~~~~~..~~~~≈≈~~~~≈≈≈≈≈
~≈≈≈~~~~.....~~~~~~~~~≈≈≈≈≈
~~~~~.........~~~~~~~~~~~~~
~~P~~......~~.......~~~~~~~
~PPP.P~..#...........~~....
P.P~P...##)................
PPPPP~P..#.......##....##..
PPPP~~~.~§§§.###.###...##..
.~≈≈~..~§m@..###..........~
~~≈≈~~.~§§§.........)....~~
~~≈~~~~~.§§.~....##....~≈≈≈
~~~~~~~P.~~P~....###...~≈≈≈
.~~~....~~PPP.##......~≈≈≈≈
.~...#.~~P~..####...~≈≈≈≈≈
~~....~~~~~.# ...~≈≈≈≈≈
~~~~~P≈P~~~... .~≈≈≈≈≈≈≈
~~~.~~≈≈≈≈~..k.~~≈≈≈≈≈≈≈≈


You could see a water nymph.

Vanquished Creatures
  Snorg (D:11)
  A merfolk impaler (Shoals:1)
  Fannar (D:12)
  Erolcha (D:11)
  2 hydras
  Harold (Lair:1)
  A catoblepas (Lair:5)
  A boulder beetle (D:11)
  A centaur warrior (D:12)
  6 death yaks (Lair:5)
  A deep troll shaman (Lair:5)
  5 two-headed ogres
  Urug (D:12)
  4 skeletal warriors (D:12)
  3 sea snakes (Shoals:1)
  An orb spider (Lair:3)
  7 harpies (Shoals:1)
  A lindwurm (Lair:5)
  An orc knight (D:12)
  10 deep elf pyromancers
  An ugly thing (D:12)
  An oklob plant (Lair:5)
  5 cyclopes
  A wolf spider (D:12)
  4 manticores
  3 merfolk sirens
  2 water nymphs
  17 elephants
  2 black mambas
  2 gargoyles (D:12)
  A torpor snail (Lair:5)
  10 cane toads
  3 rime drakes
  2 unseen horrors (D:12)
  Maggie (D:8)
  5 komodo dragons
  4 trolls
  3 polar bears
  6 merfolk
  A hornet (D:9)
  A slime creature (D:12)
  16 blink frogs
  4 snapping turtles (Shoals:1)
  2 spriggans (Lair:3)
  A jumping spider (shapeshifter) (D:13)
  3 water elementals (Shoals:1)
  28 yaks
  A vampire (D:12)
  3 wraiths
  3 wyverns
  5 basilisks
  6 fire elementals (Volcano)
  2 vampire mosquitoes (D:10)
  5 hell hounds (Volcano)
  5 acid dragons
  13 water moccasins
  Duvessa (D:6)
  3 orc warriors
  4 ice beasts
  A sky beast (D:7)
  3 black bears
  22 wolves
  2 centaurs (D:9)
  A phantom (D:5)
  3 kobold brigands
  2 necrophages
  13 bullfrogs
  A gnoll sergeant (D:9)
  3 scorpions
  2 water moccasin zombies (Ossuary)
  Dowan (D:6)
  14 killer bees
  5 howler monkeys
  3 hounds
  2 gnoll boudas
  4 orc priests
  Ijyb (D:5)
  6 iguanas
  5 orc wizards
  2 mummies (Ossuary)
  4 adders
  13 gnolls
  2 white imps
  An ufetubus (D:4)
  7 adder zombies (Ossuary)
  A worm (D:5)
  3 dart slugs
  22 orcs
  2 bats
  4 endoplasms
  3 giant cockroaches
  2 goblins
  5 hobgoblins
  25 kobolds
  9 quokkas
  6 ball pythons
  2 frilled lizards
  5 gnoll zombies (Ossuary)
  7 hobgoblin zombies (Ossuary)
  7 kobold zombies (Ossuary)
  3 orc zombies (Ossuary)
  3 rats
  A bush (Lair:5)
463 creatures vanquished.

Vanquished Creatures (others)
  A deep elf archer (Volcano)
  138 fulminant prisms
  34 fungi
  76 plants
249 creatures vanquished.

Grand Total: 712 creatures vanquished

Notes
Turn   | Place    | Note
-------+----------+-------------------------------------------
     0 | D:1      | wellesgreysong the Deep Elf Conjurer began the quest for
                  | the Orb.
     0 | D:1      | Reached XP level 1. HP: 10/10 MP: 6/6
   326 | D:1      | Reached XP level 2. HP: 14/15 MP: 1/8
   476 | D:1      | Learned a level 2 spell: Searing Ray
  1423 | D:2      | Reached XP level 3. HP: 12/19 MP: 3/9
  1839 | D:2      | Reached skill level 5 in Conjurations
  1935 | D:2      | Learned a level 2 spell: Blink
  2112 | D:2      | Found a faded altar of an unknown god.
  2689 | D:3      | Reached XP level 4. HP: 24/24 MP: 2/11
  2690 | D:3      | Reached skill level 1 in Translocations
  2857 | D:3      | Found an ancient bone altar of Kikubaaqudgha.
  3116 | D:3      | Noticed a necrophage
  3122 | D:3      | Killed a necrophage
  3123 | D:3      | Reached XP level 5. HP: 28/28 MP: 5/13
  3128 | D:3      | Learned a level 4 spell: Iskenderun's Mystic Blast
  3132 | D:3      | Learned a level 3 spell: Inner Flame
  3371 | D:4      | Found a white marble altar of Elyvilon.
  3671 | D:4      | Found a sand-covered staircase.
  3681 | Ossuary  | Entered an ossuary
  3870 | Ossuary  | Reached skill level 1 in Hexes
  3870 | Ossuary  | Reached skill level 1 in Fire Magic
  3870 | Ossuary  | Reached XP level 6. HP: 28/32 MP: 5/14
  4763 | D:5      | Entered Level 5 of the Dungeon
  4766 | D:5      | Noticed Ijyb
  4776 | D:5      | Killed Ijyb
  4965 | D:5      | Learned a level 1 spell: Slow
  4975 | D:5      | Noticed an ice beast
  5253 | D:5      | Reached skill level 5 in Spellcasting
  5331 | D:5      | Reached XP level 7. HP: 36/36 MP: 9/16
  6019 | D:6      | Found Sisaxt's Armour Emporium.
  6330 | D:6      | Found a runed translucent door.
  6338 | D:6      | Noticed Duvessa
  6365 | D:6      | Killed Duvessa
  6366 | D:6      | Reached skill level 5 in Translocations
  6366 | D:6      | Reached XP level 8. HP: 37/41 MP: 11/18
  6373 | D:6      | Noticed Dowan
  6379 | D:6      | Killed Dowan
  6395 | D:6      | Noticed a two-headed ogre
  6395 | D:6      | Noticed sirJeffrey23's ghost (novice HOFi)
  6561 | D:6      | Learned a level 4 spell: Fulminant Prism
  7073 | D:7      | Reached skill level 5 in Hexes
  7130 | D:7      | Reached XP level 9. HP: 45/45 MP: 11/20
  7163 | D:7      | Found a staircase to the Ecumenical Temple.
  7179 | Temple   | Entered the Ecumenical Temple
  7476 | Temple   | Became a worshipper of Dithmenos the Shadowed
  7626 | D:7      | Found a shimmering blue altar of Sif Muna.
  7763 | D:8      | Noticed Maggie
  7782 | D:8      | Killed Maggie
  7869 | D:8      | Noticed a two-headed ogre
  7884 | D:8      | Killed a two-headed ogre
  7885 | D:8      | Reached skill level 10 in Conjurations
  7980 | D:8      | Reached skill level 1 in Invocations
  8041 | D:8      | Reached XP level 10. HP: 50/50 MP: 2/21
  8169 | D:8      | Found a staircase to the Lair.
  8444 | D:6      | Bought the +4 cloak "Boss" {rF+ rN+ Will+ Int+3} for 655
                  | gold pieces
  8738 | D:9      | Reached skill level 5 in Stealth
  8806 | D:9      | Found a staircase to the Orcish Mines.
  8882 | D:9      | Found an opulent altar of Gozag.
  8955 | D:9      | Reached * piety under Dithmenos
  9639 | Lair:1   | Entered Level 1 of the Lair of Beasts
  9639 | Lair:1   | Noticed Harold
  9669 | Lair:1   | Noticed a cane toad
  9756 | D:10     | Entered Level 10 of the Dungeon
  9804 | D:10     | Noticed a two-headed ogre
  9832 | D:10     | Killed a two-headed ogre
  9912 | D:10     | Reached skill level 5 in Invocations
  9986 | D:10     | Learned a level 2 spell: Ensorcelled Hibernation
  9996 | D:10     | Found a radiant altar of Vehumet.
 10097 | D:10     | Reached skill level 1 in Short Blades
 10097 | D:10     | Reached skill level 1 in Ice Magic
 10196 | D:10     | Found Doratsu's Antique Weapon Boutique.
 10552 | D:11     | Learned a level 3 spell: Kindle Blastsparks
 10609 | D:11     | Noticed a two-headed ogre
 10634 | D:11     | Killed a two-headed ogre
 10635 | D:11     | Reached XP level 11. HP: 23/54 MP: 17/23
 10955 | D:11     | Reached skill level 1 in Air Magic
 11266 | D:11     | Noticed Erolcha
 11276 | D:11     | Killed Erolcha
 11429 | D:11     | Noticed Snorg
 11436 | D:11     | Noticed a boulder beetle
 11448 | D:11     | Killed Snorg
 11503 | D:11     | Killed a boulder beetle
 11504 | D:11     | Reached skill level 5 in Fire Magic
 12022 | Lair:1   | Reached skill level 10 in Hexes
 12044 | Lair:1   | Killed Harold
 12602 | Lair:1   | Found a stormy altar of Qazlal.
 12693 | Lair:1   | Reached ** piety under Dithmenos
 12717 | Lair:1   | Reached skill level 5 in Ice Magic
 13245 | Lair:2   | Reached skill level 5 in Short Blades
 13368 | Lair:2   | Reached XP level 12. HP: 59/59 MP: 20/25
 13410 | Lair:2   | Reached skill level 5 in Air Magic
 14136 | Lair:3   | Found a dark tunnel.
 14142 | Volcano  | Entered a volcano
 14261 | Volcano  | Reached *** piety under Dithmenos
 14663 | Lair:3   | Learned a level 5 spell: Alistair's Intoxication
 14892 | Lair:3   | Reached skill level 1 in Transmutations
 14892 | Lair:3   | Reached skill level 1 in Poison Magic
 14900 | Lair:3   | Reached XP level 13. HP: 40/63 MP: 3/28
 15069 | Lair:3   | Found a hole to the Spider Nest.
 15456 | Lair:3   | Found a staircase to the Shoals.
 15681 | Lair:4   | Reached **** piety under Dithmenos
 16117 | Lair:4   | You fall into a shaft and drop 1 floor!
 16117 | Lair:5   | Entered Level 5 of the Lair of Beasts
 16175 | Lair:5   | Reached skill level 10 in Stealth
 16313 | Lair:5   | Found a staircase to the Slime Pits.
 16314 | Lair:5   | Found a viscous altar of Jiyva.
 16337 | Lair:5   | Reached skill level 5 in Transmutations
 16355 | Lair:5   | Reached skill level 5 in Poison Magic
 17647 | Lair:5   | Reached XP level 14. HP: 59/68 MP: 21/29
 18502 | D:12     | Noticed Urug
 18635 | D:12     | Killed Urug
 18824 | D:12     | Noticed Fannar
 18831 | D:12     | Killed Fannar
 19025 | D:12     | Identified the +0 robe "Jafaar" {Regen+ Str+3}
 19340 | D:12     | Reached ***** piety under Dithmenos
 19521 | D:12     | Learned a level 4 spell: Sticky Flame
 20187 | Shoals:1 | Entered Level 1 of the Shoals
 20493 | Shoals:1 | Identified the +5 great sword "Murmur" {freeze, Drain Str+2
                  | Int+6}
 21370 | Shoals:2 | Noticed a kraken
 21484 | Shoals:2 | Killed from afar by a water nymph

Illustrated notes

Levels and vault maps discovered:
D:1:      sevenhm_arrival_forest_fort_large_2, layout_loops_corners,
          kennysheep_pointless_box, minmay_door_square
D:2:      layout_basic, ebering_ecumenical_altar_abandoned,
          dreamdust_mushroom_princess, grunt_ministairs_14
D:3:      layout_loops_ring, kiku_gazebo_pond_becter
D:4:      layout_basic, elyvilon_altar_3, nicolae_ossuary_entry_ruins
D:5:      layout_layer_cave, st_stairs_6, dk_noncrumbling_3, uniq_ijyb
D:6:      layout_loops_cross, ebering_ghost_inner_flame, serial_shops,
          nicolae_shop_waterfront, uniq_duvessa
D:7:      layout_cave_pools, lemuel_doored_altar, minmay_temple_entry_statues
D:8:      layout_basic, lair_entry_dummy, uniq_maggie
D:9:      layout_basic, mainiacjoe_overflow_surrounded_room, orc_0_dummy
D:10:     layout_basic, mainiacjoe_overflow_alcove_1, serial_shops,
          nicolae_shop_statue_plus
D:11:     layout_long_grid, uniq_snorg, uniq_erolcha
D:12:     minmay_blocking_statues, layout_loops_corners,
          minmay_fractal_squares_gapless_5, uniq_urug, uniq_fannar
D:13:     layout_big_octagon, tgw_fedhas, uniq_rupert
Temple:   minmay_temple_bridge_d
Lair:1:   layout_regular_city, basic_altar, infiniplex_staircase_pool,
          serial_bayou_shore_a, lemuel_fruit_tree, grunt_megastairs_5,
          uniq_harold
Lair:2:   layout_regular_city
Lair:3:   layout_regular_city, minmay_shoals_entry_lonely_mermaid,
          nicolae_spider_entry_orb_guardian, nicolae_volcano_entry_s_turn,
          forest_entry_grove
Lair:4:   layout_misc_corridors
Lair:5:   grunt_lair_end_beastmaster, layout_loops_ring,
          minmay_slime_entry_oklob_open
Shoals:1: layout_shoals
Shoals:2: layout_shoals

Skill      XL: |  1  2  3  4  5  6  7  8  9 10 11 12 13 14 |
---------------+-------------------------------------------+-----
Stealth        | 3 4 7 9 10 11 | 11.2
Dodging        | 3 |  3.0
Conjurations   | 5 6 7 8 11 12 13 | 13.1
Translocations | 2 3 5 6 7 8 |  8.0
Spellcasting   | 4 5 6 7 9 |  9.8
Hexes          | 1 2 3 5 7 9 10 11 12 13 | 13.1
Fire Magic     | 1 2 4 5 |  5.0
Invocations    | 2 5 6 7 8 9 |  9.1
Short Blades   | 1 5 6 8 9 |  9.0
Ice Magic      | 1 5 |  5.0
Air Magic      | 4 5 |  5.0
Transmutations | 1 6 8 |  8.2
Poison Magic   | 1 6 7 |  7.7

Action                   |  1- 3 |  4- 6 |  7- 9 | 10-12 | 13-15 || total
-------------------------+-------+-------+-------+-------+-------++-------
Melee: Unarmed           |     2 |       |       |       |       ||     2
       Dagger            |       |     1 |     1 |    67 |   106 ||   175
       Punch             |       |       |       |       |     1 ||     1
Throw: Dart              |       |       |       |     1 |       ||     1
       Throwing net      |       |       |       |     1 |       ||     1
 Cast: Magic Dart        |    79 |    53 |    59 |    28 |    20 ||   239
       Searing Ray       |     4 |    26 |    42 |    25 |     7 ||   104
       Blink             |       |     3 |     9 |    16 |     3 ||    31
       Slow              |       |       |    21 |    40 |    12 ||    73
       Fulminant Prism   |       |       |    17 |    54 |    68 ||   139
       Inner Flame       |       |       |    11 |    19 |    16 ||    46
       Iskenderun's Myst |       |       |     2 |    63 |    72 ||   137
       Ensorcelled Hiber |       |       |       |    28 |    54 ||    82
       Kindle Blastspark |       |       |       |     3 |    16 ||    19
       Alistair's Intoxi |       |       |       |       |     5 ||     5
       Sticky Flame      |       |       |       |       |     3 ||     3
Invok: Shadow Step       |       |       |       |       |     1 ||     1
Evoke: Wand              |       |       |       |     1 |       ||     1
  Use: Potion            |       |       |     3 |     2 |     6 ||    11
       Scroll            |       |       |       |    17 |     7 ||    24
 Stab: Sleeping          |       |       |       |    29 |    53 ||    82
       Held in net/web   |       |       |       |     1 |       ||     1
       Distracted        |       |       |       |       |     1 ||     1
       Confused          |       |       |       |       |     1 ||     1
Armor: Robe              |     3 |     1 |       |    23 |    27 ||    54
Dodge: Dodged            |     1 |    24 |    20 |    61 |    77 ||   183

Table legend: (Time is in decaauts)
 A = Elapsed time spent in this place.
 B = Non-inter-level travel time spent in this place.
 C = Inter-level travel time spent in this place.
 D = Time resting spent in this place.
 E = Time spent auto-exploring this place.
 F = Levels seen in this place.
 G = Mean time per level.
                   A        B        C        D        E       F      G
               +--------+--------+--------+--------+--------+-----+--------+
         Total |  21560 |  19863 |   1697 |   1903 |  13358 |  23 |  937.4 |
       Dungeon |  12706 |  11581 |   1125 |    881 |   8542 |  13 |  977.4 |
        Temple |    365 |    226 |    139 |      0 |    214 |   1 |  365.0 |
          Lair |   6340 |   6014 |    326 |    602 |   3692 |   5 | 1268.0 |
        Shoals |   1250 |   1144 |    106 |     93 |    642 |   2 |  625.0 |
       Ossuary |    562 |    562 |      0 |    284 |    151 |   1 |  562.0 |
       Volcano |    334 |    334 |      0 |     43 |    116 |   1 |  334.0 |
               +--------+--------+--------+--------+--------+-----+--------+

Top non-repeatable levels by time:
  Lair:5: 1919 daAuts
    D:11: 1533 daAuts
  Lair:3: 1348 daAuts
  Lair:1: 1345 daAuts
    D:12: 1272 daAuts
     D:1: 1251 daAuts
     D:5: 1200 daAuts
Shoals:1: 1161 daAuts
     D:2: 1106 daAuts
     D:9: 1076 daAuts
     D:8: 1001 daAuts
     D:3: 970 daAuts
  Lair:2: 890 daAuts
     D:6: 885 daAuts
     D:4: 870 daAuts
